 Dungeon Crawl Stone Soup version 0.31-a0-726-g3c93526463 (webtiles) character file.

Game seed: 11113202221544681249

157568 Ordine the Unseen (level 17, -4/120 HPs)
             Began as an Octopode Shapeshifter on Sept 11, 2023.
             Was the Champion of Dithmenos.
             Slain by a merfolk impaler
             ... wielding a +4 demon trident of electrocution
              (18 damage)
             ... on level 4 of the Shoals.
             The game lasted 01:48:09 (45744 turns).

Ordine the Unseen (Octopode Shapeshifter)          Turns: 45744, Time: 01:48:09

Health: -4/120     AC:  9    Str: 20    XL:     17   Next: 70%
Magic:  0/34       EV: 23    Int: 12    God:    Dithmenos [******]
Gold:   1076       SH:  0    Dex: 13    Spells: 16/16 levels left

rFire   + .          .
                       - Unarmed
rCold   . . .        (no shield)
rNeg    + . .        (helmet restricted)
rPois   +            Q - amulet of Foolhardiness {Spirit rPois}
rElec   +            e - ring of resist corrosion
rCorr   +            u - ring of positive energy
SInv    +            a - ring of see invisible
Will    ++...        B - +4 ring of protection Stlth *******+++
                     z - +5 ring of evasion
HPRegen 0.40/turn    n - ring "Gebrom" {rElec Will+ MP+9}
MPRegen 0.24/turn    G - +4 ring of protection
                     S - ring of protection from fire

%: guardian spirit
@: maw-form, wreathed by umbra, studying Stealth
A: devouring maw, almost no armour, amphibious, 8 rings, camouflage 1,
gelatinous body 1, nimble swimmer 1, tentacles
a: Begin Untransformation, Renounce Religion, Shadow Step, Shadow Form


You were on level 4 of the Shoals.
You worshipped Dithmenos.
Dithmenos was exalted by your worship.
You were a creature with a mouth for a stomach.
You visited 6 branches of the dungeon, and saw 28 of its levels.

You collected 3133 gold pieces.
You spent 2057 gold pieces at shops.

Inventory:

Jewellery
 a - a ring of see invisible (on tentacle)
 e - a ring of resist corrosion (left tentacle)
 m - the ring "Durufaid" {rElec Int+6}
   (You acquired it on level 12 of the Dungeon)

   [ring of intelligence]

   Int+6:     It affects your intelligence (+6).
   rElec:     It insulates you from electricity.
 n - the ring "Gebrom" (on tentacle) {rElec Will+ MP+9}
   (You took it off a merfolk impaler on level 2 of the Shoals)

   [ring of magical power]

   rElec:     It insulates you from electricity.
   Will+:     It increases your willpower.
   MP+9:      It affects your magic capacity (+9).
 u - a ring of positive energy (right tentacle)
 z - a +5 ring of evasion (on tentacle)
 B - a +4 ring of protection (on tentacle)
 G - a +4 ring of protection (on tentacle)
 Q - the amulet of Foolhardiness (around mantle) {Spirit rPois}
   (You bought it in a shop on level 2 of the Orcish Mines)

   [amulet of guardian spirit]

   Spirit:    It causes incoming damage to be divided between your reserves of
   health and magic.
   rPois:     It protects you from poison
 S - a ring of protection from fire (on tentacle)
Talismans
 c - a flux talisman
 C - a maw talisman (active)
Wands
 b - a wand of paralysis (12)
 j - a wand of polymorph (8)
 E - a wand of light (16)
 H - a wand of flame (6)
 I - a wand of iceblast (7)
Scrolls
 d - 4 scrolls of fear
 f - a scroll of brand weapon
 g - 4 scrolls of torment
 h - 3 scrolls of revelation
 i - 4 scrolls of noise
 k - 4 scrolls of vulnerability
 l - 9 scrolls of fog
 p - 10 scrolls of teleportation
 t - 7 scrolls of enchant armour
 v - 3 scrolls of immolation
 y - 3 scrolls of poison
 A - 3 scrolls of amnesia
 J - a scroll of blinking
 O - 3 scrolls of silence
 R - 3 scrolls of enchant weapon
 T - a scroll of summoning {unknown}
Potions
 q - 2 potions of mutation
 r - 2 potions of cancellation
 s - a potion of ambrosia
 w - 5 potions of enlightenment
 x - 2 potions of resistance
 F - 3 potions of brilliance
 K - 3 potions of lignification
 L - a potion of berserk rage
 N - 3 potions of attraction
 P - 2 potions of haste
 V - a potion of heal wounds
Miscellaneous
 o - a phial of floods
 D - a lightning rod (2/4)
 U - a sack of spiders (inert)


   Skills:
 + Level 12.3 Fighting
 + Level 12.6 Dodging
 + Level 18.1 Stealth
 * Level 15.6 Unarmed Combat
 + Level 11.3 Invocations
 + Level 11.8 Evocations
 + Level 12.9 Shapeshifting


You had 16 spell levels left.
You didn't know any spells.
Your spell library contained the following spells:

 Spells                   Type           Power      Damage    Failure   Level
 Apportation              Tloc           0%         N/A       32%         1
 Magic Dart               Conj           0%         1d3       32%         1
 Necrotise                Necr           0%         1d4       32%         1
 Blink                    Tloc           0%         N/A       45%         2
 Jinxbite                 Hex            0%         N/A       45%         2
 Momentum Strike          Conj/Tloc      0%         3d8       45%         2
 Static Discharge         Conj/Air       0%         2-2/arc   45%         2
 Wereblood                Tmut           0%         N/A       45%         2
 Gell's Gravitas          Tloc           0%         N/A       69%         3
 Ozocubu's Armour         Ice            0%         N/A       69%         3
 Teleport Other           Tloc           0%         N/A       69%         3
 Vampiric Draining        Necr           0%         2d6       69%         3
 Volatile Blastmotes      Fire/Tloc      0%         2d10      69%         3
 Fulminant Prism          Conj/Hex       0%         3d5       97%         4
 Iskenderun's Mystic Bla  Conj/Tloc      0%         2d3       97%         4
 Manifold Assault         Tloc           0%         N/A       97%         4
 Olgreb's Toxic Radiance  Pois           0%         N/A       97%         4
 Summon Lightning Spire   Summ/Air       0%         N/A       97%         4
 Vhi's Electric Charge    Tloc/Air       0%         N/A       97%         4
 Agony                    Necr           0%         N/A       100%        5
 Alistair's Intoxication  Tmut/Pois      0%         N/A       100%        5
 Borgnjor's Vile Clutch   Necr/Erth      0%         N/A       100%        5
 Lee's Rapid Deconstruct  Erth           0%         3d4*      100%        5
 Metabolic Englaciation   Hex/Ice        0%         N/A       100%        5
 Dispersal                Tloc           0%         N/A       100%        6
 Eringya's Noxious Bog    Tmut/Pois      0%         4d6       100%        6
 Simulacrum               Ice/Necr       0%         N/A       100%        6
 Spellforged Servitor     Conj/Summ      0%         N/A       100%        7
 Discord                  Hex            0%         N/A       100%        8
 Ignition                 Fire           0%         3d3       100%        8
 Animate Armour           Summ/Erth      Unusable   N/A       N/A         4

Dungeon Overview and Level Annotations

Branches:
Dungeon (15/15)            Temple (1/1) D:6            Lair (5/5) D:11
 Shoals (4/4) Lair:2       Spider (1/4) Lair:3        Slime (0/5) Lair:4
    Orc (2/2) D:10            Elf (0/3) Orc:2        Vaults (0/5) D:14
 Depths (0/4) D:15

Altars:
Ashenzari
Cheibriados
Dithmenos
Elyvilon
Fedhas
Gozag
Hepliaklqana
Kikubaaqudgha
Makhleb
Nemelex Xobeh
Okawaru
Qazlal
Ru
Sif Muna
Trog
Uskayaw
Vehumet
Wu Jian
Xom
Yredelemnul
Zin
The Shining One

Shops:
D:1 [   D:12 (   Orc:2 =?([?

Annotations:
Shoals:1 3 runed translucent doors, exclusion: obsidian statue, Opifex's ghost, adept KoHu
Orc:1 2 transporters, Dourul's ghost, journeyman HOFi


Innate Abilities, Weirdness & Mutations

You are a creature with a mouth for a stomach.
Your midsection houses a second, enormous mouth.
You cannot wear most types of armour.
You are amphibious.
You can wear up to eight rings at the same time.
Your skin changes colour to match your surroundings (Stealth+).
Your rubbery body absorbs attacks. (AC +1, EV +1)
You are camouflaged when in or above water. (Stealth+)
You have tentacles for arms and can constrict up to eight enemies at once.


Message History

Your shadow hits the alligator snapping turtle but does no damage.
The merfolk closely misses you.
The alligator snapping turtle barely misses you.
The merfolk impaler barely misses you.
Unknown command.
You bludgeon the alligator snapping turtle!
You squeeze the alligator snapping turtle, but do no damage.
You bite the alligator snapping turtle.
The alligator snapping turtle is severely wounded.
The merfolk misses you.
The merfolk impaler hits you from afar with a +4 demon trident of electrocution!
The merfolk hits you but does no damage.
You enter the shallow water.
The alligator snapping turtle closely misses you.
The merfolk impaler misses you.
The alligator snapping turtle attacks as it pursues you!
The alligator snapping turtle completely misses you.
The alligator snapping turtle attacks as it pursues you!
The alligator snapping turtle completely misses you.
The alligator snapping turtle attacks as it pursues you!
The alligator snapping turtle misses you.
The alligator snapping turtle attacks as it pursues you!
The alligator snapping turtle bites you from afar!!!
The alligator snapping turtle closely misses you.
You bludgeon the alligator snapping turtle!
You squeeze the alligator snapping turtle, but do no damage.
You bite the alligator snapping turtle, but do no damage.
The alligator snapping turtle is severely wounded.
The alligator snapping turtle misses you.
You tentacle-slap the alligator snapping turtle.
The alligator snapping turtle is severely wounded.
You batter the alligator snapping turtle!!
You squeeze the alligator snapping turtle, but do no damage.
You bite the alligator snapping turtle, but do no damage.
The alligator snapping turtle is almost dead.
The merfolk impaler completely misses you.
The alligator snapping turtle bites you!!!
* * * LOW HITPOINT WARNING * * *
The merfolk impaler hits you from afar with a +4 demon trident of electrocution!!
You die...

......~~~ ≈≈≈≈≈≈≈≈≈≈#
m....~~~~ ####≈≈≈≈≈≈≈#
.....~~~##~~~##≈≈≈≈≈≈#
.....~~§#m~~~~#≈≈≈≈≈≈#
......§§§§~"~~#≈≈≈≈≈≈#
......§§#§m~~~#≈≈≈≈≈≈#
~......~##~~~##)≈≈≈≈≈#
~.....~~~#####≈≈≈≈≈≈≈#
~~....~~~mtW≈≈≈≈≈≈≈≈≈#
~~~~~~~~~m≈≈≈≈)≈≈≈≈≈≈#
~~~~~~~~~~≈≈≈≈≈≈≈≈≈≈≈#
~~~~~~≈≈≈≈≈≈≈≈≈≈≈≈≈≈≈#
~~~~~≈≈≈≈≈≈≈≈≈≈≈≈≈≈≈≈#
~~~~~≈≈≈≈≈≈≈≈≈≈≈≈≈≈≈≈#
≈≈≈≈≈≈≈≈≈≈≈≈≈≈≈≈≈≈≈≈#
≈≈≈≈≈≈≈≈≈≈≈≈≈≈≈≈≈≈≈≈#
≈≈≈≈≈≈≈≈≈≈≈≈≈≈≈≈≈≈≈#


You could see an alligator snapping turtle, a merfolk impaler and a merfolk.

Vanquished Creatures
  A kraken (Shoals:1)
  Polyphemus (Shoals:3)
  Frances (D:14)
  Kirke (D:14)
  The ghost of blacky4 the Gelid, an adept DjCj of Makhleb (Shoals:2)
  Ilsuiw (Shoals:2)
  An ironbound preserver (D:14)
  A formless jellyfish (Shoals:4)
  3 dire elephants (Lair:5)
  2 fire dragons (Shoals:2)
  12 merfolk impalers
  An entropy weaver (Spider:1)
  Fannar (Orc:2)
  6 hydras
  A great orb of eyes (D:15)
  The ghost of Peiryuri the Arsonist, a journeyman DgFE (D:11)
  Harold (D:9)
  A radroach (Lair:3)
  A rakshasa (D:15)
  5 centaur warriors
  A catoblepas (Shoals:4)
  4 ogre magi
  3 boulder beetles
  22 two-headed ogres
  A merfolk avatar (Shoals:1)
  A merfolk aquamancer (Shoals:4)
  A death knight (D:14)
  A tengu warrior (D:13)
  4 death yaks (Lair:5)
  An orc high priest (Orc:2)
  A spectral dire elephant (Lair:5)
  3 skeletal warriors (D:12)
  A fire crab (shapeshifter) (D:13)
  Nergalle (Lair:1)
  2 fire crabs
  4 skysharks
  A spectral anaconda (Lair:5)
  14 sea snakes
  2 deep trolls
  An obsidian statue (Lair:5)
  A harpy (shapeshifter) (D:15)
  7 harpies
  Pikel (D:4)
  An orc knight (Orc:1)
  4 deep elf pyromancers
  An orc sorcerer (Orc:1)
  14 ugly things
  A faun (Shoals:3)
  4 necromancers (Lair:5)
  18 elephants
  13 cyclopes
  10 manticores
  10 merfolk sirens
  4 black mambas
  Joseph (D:7)
  2 dire elephant zombies (Lair:5)
  6 water nymphs
  Maurice (Orc:1)
  A moth of wrath (Shoals:2)
  2 molten gargoyles (Lair:4)
  3 gargoyles
  2 torpor snails
  7 cane toads
  A rime drake (Lair:2)
  An unseen horror (D:12)
  10 komodo dragons
  An efreet (D:14)
  17 trolls
  A troll (shapeshifter) (D:13)
  2 hornets (D:10)
  28 merfolk
  24 blink frogs
  2 wind drakes
  2 tarantellas (Lair:3)
  2 spectral elephants (Lair:5)
  14 dream sheep
  7 snapping turtles
  3 culicivoras (Lair:3)
  3 shadows
  6 slime creatures
  4 water elementals
  37 yaks
  A ynoxinul (D:11)
  2 wraiths (D:9)
  A centaur simulacrum (D:14)
  A vampire (D:10)
  3 fire bats (Shoals:3)
  A golden eye (shapeshifter) (D:15)
  7 wyverns
  8 basilisks
  Eustachio (D:5)
  2 steam dragons
  A vampire mosquito (D:6)
  A spectral cane toad (Lair:5)
  3 wargs
  A swamp worm (D:9)
  An acid dragon (D:14)
  18 water moccasins
  14 orc warriors
  2 ice beasts
  An elephant zombie (Lair:5)
  2 black bears (D:11)
  2 sky beasts (D:6)
  24 ogres
  22 wolves
  9 centaurs
  An elephant skeleton (Lair:5)
  2 phantoms (D:5)
  5 kobold brigands
  9 bullfrogs
  6 gnoll sergeants
  3 cane toad simulacra (Lair:5)
  11 scorpions
  12 wights
  A killer bee (D:10)
  A centaur zombie (D:5)
  6 lava snakes
  A quasit (D:4)
  2 hounds
  A bullfrog skeleton (D:5)
  A gnoll bouda (D:8)
  11 orc priests
  3 jellies
  A sleepcap (D:6)
  22 orc wizards
  An iguana (D:6)
  5 hell rats (Lair:4)
  A hound zombie (D:5)
  11 adders
  29 gnolls
  3 shadow imps
  A white imp (D:4)
  4 ufetubi
  A worm (D:2)
  3 dart slugs
  50 orcs
  7 ball pythons
  11 bats
  5 endoplasms
  3 giant cockroaches
  11 goblins
  3 hobgoblins
  3 quokkas
  8 frilled lizards
  15 kobolds
  3 rats
796 creatures vanquished.

Vanquished Creatures (collateral kills)
  A snapping turtle (Shoals:4)
1 creature vanquished.

Vanquished Creatures (others)
  A merfolk impaler (Shoals:2)
  2 humans (D:15)
  5 ball lightnings (Shoals:2)
  24 tentacles (Shoals:1)
32 creatures vanquished.

Grand Total: 829 creatures vanquished

Notes
Turn   | Place    | Note
-------+----------+-------------------------------------------
     0 | D:1      | Ordine the Octopode Shapeshifter began the quest for the
                  | Orb.
     0 | D:1      | Reached XP level 1. HP: 13/13 MP: 1/1
   212 | D:1      | Reached XP level 2. HP: 14/18 MP: 2/2
   217 | D:1      | Reached skill level 1 in Stealth
   296 | D:1      | Found Juimun's Armour Emporium.
   296 | D:1      | Noticed an animated pearl dragon scales
   296 | D:1      | Noticed an animated shadow dragon scales
   446 | D:1      | Reached XP level 3. HP: 20/23 MP: 3/3
   744 | D:2      | Found a faded altar of an unknown god.
  1565 | D:3      | Reached skill level 2 in Stealth
  1565 | D:3      | Reached XP level 4. HP: 29/29 MP: 4/4
  1585 | D:3      | Found a shadowy altar of Dithmenos.
  1602 | D:3      | Became a worshipper of Dithmenos the Shadowed
  1623 | D:3      | Found a glowing silver altar of Zin.
  2360 | D:4      | Found a sparkling altar of Nemelex Xobeh.
  2369 | D:4      | Reached XP level 5. HP: 26/34 MP: 5/5
  2479 | D:4      | Found an iron altar of Okawaru.
  2524 | D:4      | Reached * piety under Dithmenos
  2676 | D:4      | Reached skill level 3 in Stealth
  2685 | D:4      | Reached XP level 6. HP: 32/41 MP: 6/6
  3302 | D:5      | Entered Level 5 of the Dungeon
  3302 | D:5      | Noticed Pikel
  3656 | D:5      | Reached skill level 5 in Unarmed Combat
  3701 | D:5      | Reached XP level 7. HP: 41/45 MP: 7/7
  4000 | D:4      | Killed Pikel
  4001 | D:4      | Reached skill level 4 in Stealth
  4001 | D:4      | Reached XP level 8. HP: 26/52 MP: 8/8
  4218 | D:5      | Noticed Eustachio
  4324 | D:5      | Killed Eustachio
  4325 | D:5      | Reached skill level 5 in Stealth
  4801 | D:6      | Reached ** piety under Dithmenos
  4809 | D:6      | Reached skill level 5 in Shapeshifting
  5031 | D:6      | Reached skill level 5 in Dodging
  5034 | D:6      | Reached XP level 9. HP: 37/59 MP: 9/9
  5214 | D:6      | Found an ornate altar of the Wu Jian Council.
  5221 | D:6      | Found a bloodstained altar of Trog.
  5414 | D:6      | Found a staircase to the Ecumenical Temple.
  5434 | Temple   | Entered the Ecumenical Temple
  5668 | D:6      | Reached skill level 5 in Fighting
  6633 | D:7      | Noticed Joseph
  6973 | D:7      | Killed Joseph
  6974 | D:7      | Reached XP level 10. HP: 27/68 MP: 10/10
  7508 | D:7      | Reached *** piety under Dithmenos
  8289 | D:8      | Reached skill level 1 in Invocations
  8289 | D:8      | Reached skill level 1 in Evocations
  8401 | D:8      | Got Sif Muna's Directory of Relocated Composition
  8726 | D:9      | Reached **** piety under Dithmenos
  8843 | D:9      | Noticed Harold
  8852 | D:9      | Killed Harold
  9867 | D:10     | Entered Level 10 of the Dungeon
  9877 | D:9      | Reached XP level 11. HP: 63/74 MP: 10/13
 10224 | D:10     | Found a staircase to the Orcish Mines.
 10233 | D:10     | Noticed a two-headed ogre
 10561 | D:10     | Found a snail-covered altar of Cheibriados.
 10562 | D:10     | Noticed a two-headed ogre
 11078 | D:10     | Killed a two-headed ogre
 11436 | D:10     | Reached skill level 10 in Unarmed Combat
 11649 | D:10     | Found a white marble altar of Elyvilon.
 11696 | D:10     | Killed a two-headed ogre
 11709 | D:10     | Paralysed by a hornet for 2 turns
 12977 | D:11     | Found a staircase to the Lair.
 13153 | D:11     | Found a runed translucent door.
 13153 | D:11     | Noticed Peiryuri's ghost (journeyman DgFE)
 13176 | D:11     | Reached XP level 12. HP: 82/82 MP: 15/15
 13328 | D:11     | Reached skill level 5 in Evocations
 13342 | D:11     | Reached skill level 5 in Invocations
 13454 | D:11     | Found a hide-covered altar of Uskayaw.
 13623 | D:11     | Noticed a two-headed ogre
 13764 | D:11     | Killed a two-headed ogre
 14180 | Lair:1   | Entered Level 1 of the Lair of Beasts
 14365 | Lair:1   | Noticed Nergalle
 14392 | Lair:1   | Killed Nergalle
 14392 | Lair:1   | Reached ***** piety under Dithmenos
 14991 | Lair:2   | Found a staircase to the Shoals.
 15169 | Lair:2   | Reached skill level 10 in Shapeshifting
 15563 | Lair:2   | Reached skill level 6 in Stealth
 15587 | Lair:2   | Reached XP level 13. HP: 40/90 MP: 10/17
 16159 | Lair:2   | Reached skill level 7 in Stealth
 17234 | Lair:3   | Found a hole to the Spider Nest.
 18296 | Lair:3   | Reached skill level 8 in Stealth
 19844 | Lair:4   | Reached skill level 9 in Stealth
 20769 | Lair:4   | Found a staircase to the Slime Pits.
 20903 | Lair:5   | Entered Level 5 of the Lair of Beasts
 21737 | Lair:4   | Reached skill level 10 in Stealth
 21737 | Lair:4   | Reached XP level 14. HP: 50/98 MP: 9/19
 22692 | Lair:5   | Reached skill level 10 in Dodging
 23272 | Lair:5   | Identified the +7 whip "Lagrouh" {venom, rElec rPois Will-
                  | Int+5}
 23303 | Lair:5   | Reached ****** piety under Dithmenos
 23401 | Lair:5   | Reached skill level 10 in Fighting
 23505 | Lair:5   | Noticed a dire elephant
 23506 | Lair:5   | Noticed a dire elephant
 23506 | Lair:5   | Noticed a dire elephant
 23512 | Lair:5   | Reached skill level 11 in Stealth
 23522 | Lair:5   | Noticed a dire elephant
 23559 | Lair:5   | Killed a dire elephant
 24879 | Lair:5   | Reached skill level 12 in Stealth
 25968 | Lair:5   | Killed a dire elephant
 26094 | Lair:5   | Killed a dire elephant
 27006 | D:11     | Killed Peiryuri's ghost
 27762 | D:12     | Found Picw's Antique Weapon Shop.
 27929 | D:12     | Identified a scroll of acquirement
 27929 | D:12     | Acquired the ring "Durufaid" {rElec Int+6}
 28337 | D:12     | Reached XP level 15. HP: 102/105 MP: 19/21
 28686 | Orc:1    | Entered Level 1 of the Orcish Mines
 28687 | Orc:1    | Found a transporter.
 28998 | Orc:1    | Noticed Dourul's ghost (journeyman HOFi)
 28999 | Orc:1    | Found a one-way gate to the infinite horrors of the Abyss.
 29128 | Orc:1    | Noticed Maurice
 29136 | Orc:1    | Killed Maurice
 29137 | Orc:1    | Reached skill level 13 in Stealth
 29149 | Orc:1    | Found a transporter.
 29231 | Orc:1    | Found a dark tunnel.
 29577 | Orc:2    | Entered Level 2 of the Orcish Mines
 29686 | Orc:1    | Noticed Fannar
 29831 | Orc:2    | Killed Fannar
 30112 | Orc:2    | Found a staircase to the Elven Halls.
 30144 | Orc:2    | Paralysed by an ogre mage for 2 turns
 31537 | Orc:1    | Reached skill level 10 in Evocations
 31685 | Orc:2    | Found Xyfenkih's Jewellery Boutique.
 31828 | Orc:2    | Found Yschukod's Antique Weapon Shoppe.
 31831 | Orc:2    | Found Hifahe Low's Magic Scroll Shop.
 31842 | Orc:2    | Found Jexza's Magic Scroll Emporium.
 31843 | Orc:2    | Found Ymuatturu's Antique Armour Shoppe.
 31894 | Orc:2    | Reached skill level 14 in Stealth
 31999 | Orc:2    | Bought a scroll of identify for 22 gold pieces
 31999 | Orc:2    | Bought a scroll of teleportation for 33 gold pieces
 31999 | Orc:2    | Bought a scroll of identify for 22 gold pieces
 31999 | Orc:2    | Bought a scroll of identify for 22 gold pieces
 31999 | Orc:2    | Bought a scroll of identify for 22 gold pieces
 31999 | Orc:2    | Bought a scroll of identify for 22 gold pieces
 31999 | Orc:2    | Bought a scroll of identify for 22 gold pieces
 32016 | Orc:2    | Bought a scroll of identify for 20 gold pieces
 32016 | Orc:2    | Bought a scroll of silence for 95 gold pieces
 32350 | Orc:2    | Bought a +4 ring of protection for 612 gold pieces
 32350 | Orc:2    | Bought the amulet of Foolhardiness {Spirit rPois} for 700
                  | gold pieces
 32402 | Orc:2    | Bought a scroll of fear for 40 gold pieces
 32625 | D:13     | Noticed Nessos
 32714 | D:13     | Paralysed by Nessos for 5 turns
 32893 | D:13     | Nessos changed into Nessos the fire crab
 32893 | D:13     | Noticed Nessos
 33599 | D:13     | Killed Nessos the fire crab
 33934 | D:14     | You fall into a shaft and drop 1 floor!
 33934 | D:15     | Entered Level 15 of the Dungeon
 35434 | D:14     | Noticed Frances
 35636 | D:14     | Got the Folio of Arcane Weapons
 35886 | D:14     | Killed Frances
 36057 | D:14     | Found a gate to the Vaults.
 36133 | D:14     | Reached XP level 16. HP: 112/112 MP: 23/23
 36190 | D:14     | Reached skill level 15 in Stealth
 36538 | D:15     | Noticed Kirke
 36545 | D:14     | Killed Kirke
 36732 | D:15     | Found a staircase to the Depths.
 36867 | D:15     | Found a stormy altar of Qazlal.
 36900 | D:15     | Reached skill level 10 in Invocations
 37433 | D:15     | Found a burning altar of Makhleb.
 37969 | Orc:2    | Bought a ring of protection from fire for 425 gold pieces
 38068 | Spider:1 | Entered Level 1 of the Spider Nest
 38307 | Shoals:1 | Entered Level 1 of the Shoals
 38558 | Shoals:1 | Reached skill level 16 in Stealth
 38574 | Shoals:1 | Found a runed translucent gate.
 38574 | Shoals:1 | Found a runed translucent gate.
 38574 | Shoals:1 | Found a runed translucent gate.
 38575 | Shoals:1 | Found an opulent altar of Gozag.
 38576 | Shoals:1 | Noticed Opifex's ghost (adept KoHu)
 39212 | Shoals:1 | Noticed a kraken
 39269 | Shoals:1 | Killed a kraken
 39698 | Shoals:2 | Found a bloodstained altar of Trog.
 39705 | Shoals:2 | Found a transporter.
 39707 | Shoals:2 | Found a transporter.
 39722 | Shoals:2 | Identified the ring "Gebrom" {rElec Will+ MP+9}
 39725 | Shoals:2 | Noticed blacky4's ghost (adept DjCj)
 39992 | Shoals:2 | Identified the +4 animal skin of the Mind {rF+ Int+8
                  | Slay-3}
 40020 | Shoals:2 | Noticed Ilsuiw
 40045 | Shoals:2 | HP: 5/114 [Ilsuiw/-1 trident of freezing (2)]
 40048 | Shoals:2 | Killed Ilsuiw
 40499 | Shoals:2 | Got Experienced Incantation
 40858 | Shoals:2 | Reached XP level 17. HP: 50/119 MP: 0/25
 41109 | Shoals:2 | Reached skill level 15 in Unarmed Combat
 41127 | Shoals:2 | Killed blacky4's ghost
 41364 | Shoals:3 | Reached skill level 17 in Stealth
 41605 | Shoals:3 | Acquired 494 gold pieces
 43470 | Shoals:4 | Entered Level 4 of the Shoals
 43961 | Shoals:4 | Noticed Polyphemus
 44065 | Shoals:3 | Killed Polyphemus
 44944 | Shoals:4 | Reached skill level 18 in Stealth
 45744 | Shoals:4 | Slain by a merfolk impaler

Illustrated notes

Levels and vault maps discovered:
D:1:      reono_arrival_mine, layout_basic, serial_shops,
          nicolae_shop_mannequins
D:2:      layout_basic, hellmonk_ecumenical_altar_inner_sanctum
D:3:      layout_loops_cross, zin_statuary, grunt_dithmenos_smoke
D:4:      layout_loops_cross, mainiacjoe_overflow_large_starburst,
          serial_demonic, serial_demonic_f, serial_demonic_g, serial_demonic_e,
          serial_demonic_a
D:5:      layout_cave_pools, serial_undead, serial_undead_d, serial_undead_e,
          serial_undead_c, serial_undead_f, item_on_display_a, uniq_pikel,
          uniq_eustachio
D:6:      layout_loops_ring, mainiacjoe_overflow_big_doors,
          minmay_temple_entry_arrows, minmay_manual_monstrance
D:7:      old_forge, layout_loops_ring, uniq_joseph
D:8:      layout_loops_ring, enter_bailey_5, nicolae_figureground_sparkle
D:9:      layout_irregular_city, chequers_serial_rivers_room_b, worms_lemuel,
          uniq_harold
D:10:     layout_layer_cave, mainiacjoe_overflow_concentric_impassable,
          lemuel_tele_altar, orc_0_dummy, minmay_joined_circles
D:11:     layout_roguey, minmay_lair_entry_grove, hellmonk_ghost_big_iron,
          nicolae_uskayaw_suspiria
D:12:     layout_roguey, serial_shops, shop_fountains, serial_rivers,
          chequers_serial_rivers_small_b, chequers_serial_rivers_small_b,
          chequers_serial_rivers_micro_d, chequers_serial_rivers_micro_c,
          roderic_roman_lattice
D:13:     layout_rooms, uniq_nessos
D:14:     layout_small_grid, skrybe_vaults_entry_preservation,
          grunt_decor_one_mirror, uniq_frances
D:15:     gammafunk_enter_depths_forms, layout_long_grid,
          nicolae_qazlal_style_of_elements, makhleb_altar_promises_db,
          uniq_kirke
Temple:   minmay_temple_curvy_branch
Lair:1:   layout_roguey, uniq_nergalle
Lair:2:   layout_cave_pods, elwin_shoals_entry_rocks,
          chequers_serial_rivers_large_b, grunt_megastairs_2
Lair:3:   layout_cave_pods, hellmonk_spider_entry_life_and_decay,
          chequers_serial_rivers_micro_d, nicolae_quartered_pool_medium,
          dreamdust_mushroom_princess, pdpol_lair_neglected_garden
Lair:4:   cheibrodos_magma_flow, layout_regular_city, dpeg_slime_entry_corner,
          infiniplex_staircase_pool
Lair:5:   due_jungle_book, layout_gridlike, lemuel_fruit_tree,
          grunt_megastairs_3
Shoals:1: layout_shoals, ebering_ghost_gozag
Shoals:2: argonaut_golden_fleece, layout_shoals,
          gammafunk_ghost_wrathful_warriors, uniq_ilsuiw
Shoals:3: layout_shoals, hangedman_shoal_volcano
Shoals:4: shoals_end_simple, layout_shoals, uniq_polyphemus
Spider:1: spiders_nest_a
Orc:1:    layout_caves, nicolae_volcano_entry_s_turn,
          gammafunk_ghost_abyssal_escape, nicolae_orc_tapped_out, uniq_maurice,
          uniq_fannar
Orc:2:    st_orc_open, layout_caves, serial_shops, nicolae_shop_rolling_square

Skill      XL: |  1  2  3  4  5  6  7  8  9 10 11 12 13 14 15 16 17 |
---------------+----------------------------------------------------+-----
Stealth        | 1 2 3 4 5 6 10 12 14 16 18 | 18.1
Unarmed Combat | 4 5 6 7 8 9 10 11 12 13 14 15 | 15.6
Fighting       | 2 3 4 5 6 7 8 9 10 11 12 | 12.3
Dodging        | 3 4 5 6 7 8 9 10 11 12 | 12.6
Shapeshifting  | 4 5 6 8 9 10 11 12 | 12.9
Invocations    | 2 4 6 7 8 9 10 11 | 11.3
Evocations     | 2 4 6 7 9 10 11 | 11.8

Action                     |  1- 3 |  4- 6 |  7- 9 | 10-12 | 13-15 | 16-18 || total
---------------------------+-------+-------+-------+-------+-------+-------++-------
  Melee: Unarmed           |    62 |   106 |   155 |   688 |  1189 |   598 ||  2798
         Tentacles         |    16 |    24 |    38 |   196 |   430 |   204 ||   908
         Constrict         |    13 |    31 |    27 |   126 |   128 |   100 ||   425
         Punch             |     2 |     3 |    10 |     6 |    15 |    81 ||   117
         Maw               |       |       |       |       |    52 |   272 ||   324
Ability: Begin Untransform |       |       |       |     1 |     3 |       ||     4
  Evoke: Wand              |       |       |     3 |    28 |    27 |    19 ||    77
         Lightning rod     |       |       |       |       |     4 |     9 ||    13
         Sack of spiders   |       |       |       |       |       |     1 ||     1
    Use: Potion            |       |       |     3 |       |     5 |    10 ||    18
         Scroll            |       |       |     5 |     4 |    21 |     6 ||    36
   Stab: Sleeping          |     8 |    11 |    14 |     5 |    13 |    29 ||    80
         Paralysed         |       |       |       |    14 |     9 |     2 ||    25
         Distracted        |       |       |       |       |     3 |     5 ||     8
 Armour: Skin              |    21 |    45 |    70 |   263 |   554 |   342 ||  1295
  Dodge: Dodged            |    28 |    59 |   103 |   446 |  1071 |   667 ||  2374
   Form: Flux              |       |       |       |     1 |     1 |       ||     2
         Maw               |       |       |       |       |     2 |       ||     2

Table legend: (Time is in decaauts)
 A = Elapsed time spent in this place.
 B = Non-inter-level travel time spent in this place.
 C = Inter-level travel time spent in this place.
 D = Time resting spent in this place.
 E = Time spent auto-exploring this place.
 F = Levels seen in this place.
 G = Mean time per level.
                   A        B        C        D        E       F      G
               +--------+--------+--------+--------+--------+-----+--------+
         Total |  45270 |  42243 |   3027 |  14930 |  19818 |  28 | 1616.8 |
       Dungeon |  21895 |  20098 |   1797 |   5442 |  11198 |  15 | 1459.7 |
        Temple |      1 |      1 |      0 |      0 |      0 |   1 |    1.0 |
          Lair |  12630 |  11965 |    665 |   4989 |   4827 |   5 | 2526.0 |
        Shoals |   7108 |   6802 |    306 |   3033 |   2470 |   4 | 1777.0 |
   Spider Nest |     13 |     13 |      0 |      0 |      0 |   1 |   13.0 |
  Orcish Mines |   3620 |   3363 |    257 |   1465 |   1323 |   2 | 1810.0 |
               +--------+--------+--------+--------+--------+-----+--------+

Top non-repeatable levels by time:
  Lair:4: 3909 daAuts
  Lair:5: 3759 daAuts
    D:12: 2868 daAuts
Shoals:2: 2734 daAuts
    D:10: 2527 daAuts
   Orc:1: 2442 daAuts
Shoals:3: 2202 daAuts
  Lair:3: 2149 daAuts
    D:11: 2006 daAuts
    D:13: 1934 daAuts
  Lair:2: 1861 daAuts
     D:4: 1722 daAuts
     D:7: 1587 daAuts
     D:9: 1424 daAuts
    D:14: 1369 daAuts
